Description

bleh

Build Order

Get SALT Encoding   

  13  0:12  Pylon  
  15  0:33  Gateway  
  16  0:44  Assimilator  probe sent to proxy location
  17  0:52  Assimilator  
  20  1:20  Cybernetics Core  
  20  1:21  Zealot (Chrono Boost)  
  22  1:32  Pylon  at proxy location
  25  1:58  Mothership Core (Chrono Boost), Stargate  probe goes to opponent's natural to attack building SCV
  25  2:02  Adept  zealot to natural as well
  28  2:23  Pylon  at terran's ramp
  28  2:25  Pylon  at terran's ramp
  28  2:41  Oracle (Chrono Boost)  
  30  2:48  Adept  
  33  2:53  Warp Gate  
  33  3:13  Oracle (Chrono Boost)  
  35  3:37  Nexus  
  35  3:45  Oracle (Chrono Boost)  
  39  3:52  Pylon   as pylons at ramp are attacked
  43  4:28  Gateway x2  
  43  5:20  Assimilator x2  
  43  5:22  Robotics Facility  
  45  5:30  Action x7  
Spawning Tool Build Advisor. Get it on Overwolf

Analysis

bleh

Go to:

Details

  • Created by: memethief
  • Published on: Sep 12, 2017
  • Modified on: Sep 12, 2017
  • Patch: 3.8.0
Show
View Real Time Build Order
Export as new Build Order

Comments (0)

There are no comments. Be the first!

Create an account to comment!